 Dungeon Crawl Stone Soup version 0.31.0-32-g396128a36d (webtiles) character file.

Game seed: 10786546727506065131

1560 monsoonserge the Changeling (level 8, -29/54 HPs)
             Began as an Octopode Shapeshifter on Apr 8, 2024.
             Killed by an exploding orc (51 damage)
             ... ignited by their inner flame
             ... on level 6 of the Dungeon.
             The game lasted 00:22:54 (5267 turns).

monsoonserge the Changeling (Octopode Shapeshifter) Turns: 5267, Time: 00:22:55

Health: -29/54     AC:  1    Str: 13    XL:     8   Next: 89%
Magic:  0/18       EV: 23    Int: 15    God:
Gold:   303        SH:  0    Dex: 11    Spells: 9/9 levels left

rFire   . . .        l - melded +1 long sword (elec)
rCold   + . .        (shield currently unavailable)
rNeg    . . .        (helmet restricted)
rPois   .            e - amulet of guardian spirit
rElec   .            q - ring of magical power
rCorr   .            G - +5 ring of evasion
SInv    .            I - ring of protection from cold
Will    .....        (no ring)
Stlth   ++           (no ring)
HPRegen 0.29/turn    (no ring)
MPRegen 0.16/turn    (no ring)
                     (no ring)

%: guardian spirit
@: mighty, flux-form, glowing
A: glow, contaminating, almost no armour, amphibious, 8 rings, camouflage 1,
gelatinous body 1, (nimble swimmer 1), tentacles
a: Begin Untransformation


You were on level 6 of the Dungeon.
You were something dangerously unstable.
You visited 1 branch of the dungeon, and saw 6 of its levels.
You also visited: Ossuary.

You collected 303 gold pieces.

Inventory:

Hand Weapons
 l - a +1 long sword of electrocution (melded)
Magical Staves
 t - a staff of cold
Jewellery
 d - an amulet of the acrobat
 e - an amulet of guardian spirit (around mantle)
 q - a ring of magical power (left tentacle)
 G - a +5 ring of evasion (right tentacle)
 I - a ring of protection from cold (on tentacle)
Talismans
 b - a beast talisman
 c - a flux talisman (active)
Wands
 w - a wand of flame (14) (quivered)
Scrolls
 f - a scroll of fear {unknown}
 i - 3 scrolls of immolation
 p - 2 scrolls of revelation
 r - a scroll of blinking {unknown}
 s - a scroll of fog {unknown}
 u - a scroll of teleportation {unknown}
 y - 2 scrolls of enchant armour
 A - 2 scrolls of enchant weapon {unknown}
 E - a scroll of identify
 F - 2 scrolls of vulnerability {unknown}
 H - a scroll of torment {unknown}
Potions
 a - 2 potions of lignification
 g - a potion of brilliance {unknown}
 h - 4 potions of invisibility
 j - 4 potions of heal wounds
 k - 2 potions of mutation {unknown}
 m - a potion of degeneration {unknown}
 n - a potion of enlightenment {unknown}
 o - 5 potions of curing
 v - 2 potions of resistance {unknown}
 x - 2 potions of might
 z - 2 potions of haste {unknown}
 B - a potion of ambrosia {unknown}
 C - a potion of experience {unknown}
 D - 3 potions of attraction {unknown}


   Skills:
 - Level 4.0 Fighting
 - Level 1.0(1.9) Short Blades
 - Level 2.5(2.6) Long Blades
 - Level 4.0 Dodging
 - Level 3.0 Stealth
 * Level 4.5 Unarmed Combat
 - Level 1.0 Spellcasting
 + Level 2.1 Evocations
 + Level 7.4 Shapeshifting


You had 9 spell levels left.
You didn't know any spells.
Your spell library contained the following spells:

 Spells                   Type           Power      Damage    Failure   Level
 Inner Flame              Hex/Fire       0%         N/A       58%         3
 Volatile Blastmotes      Fire/Tloc      0%         2d10      58%         3
 Flame Wave               Conj/Fire      0%         2d4       94%         4
 Fulminant Prism          Conj/Alch      0%         3d5       94%         4
 Iskenderun's Mystic Bla  Conj/Tloc      0%         2d3       94%         4
 Sticky Flame             Fire/Alch      0%         2d4       94%         4


Dungeon Overview and Level Annotations

Branches:
Dungeon (6/15)            Ossuary (visited)
 Temple: D:4-7

Altars:
Cheibriados

Annotations:
D:6 Sigmund


Innate Abilities, Weirdness & Mutations

You are something dangerously unstable.
You glow with magical radiation, making you easy to see and hit.
Foes you strike become dangerously contaminated with magical radiation.
You are incapable of wielding weapons or throwing items.
You cannot wear most types of armour.
You are amphibious.
You can wear up to eight rings at the same time.
Your skin changes colour to match your surroundings (Stealth+).
Your rubbery body absorbs attacks. (AC +1, EV +1)
((You are camouflaged when in or above water. (Stealth+)))
You have tentacles for arms and can constrict up to eight enemies at once.


Message History

Unknown command.
You bump into the rock wall.
You are engulfed in a cloud of scalding steam.
The steam dragon completely misses you. The steam dragon claws you.
The orc wizard points at you and mumbles some strange words.
The magic dart hits you!
It was a potion of curing.
You feel better. The steam dragon misses you. The steam dragon claws you.
The orc wizard closely misses you.
You feel very mighty all of a sudden. The steam dragon breathes steam at you.
The ball of steam hits you!
* * * LOW HITPOINT WARNING * * *
The orc wizard completely misses you.
Unknown command.
Sigmund the Dreaded comes into view.
He is wielding a +0 scythe.
Sigmund shouts!
The steam dragon attacks as it pursues you!
The steam dragon bites you!
* * * LOW HITPOINT WARNING * * *
The steam dragon completely misses you.
The orc wizard casts a spell.
The orc wizard flickers and vanishes!
Deactivating autopickup; reactivate with Ctrl-A.
Unknown command.
You feel much better.
Sigmund points at you and mumbles some strange words.
You resist with some effort. Something hits you. The steam dragon bites you.
The steam dragon completely misses you.
The orc is engulfed in a cloud of scalding steam.
As you read the scroll labelled JANWOI HYREI, it crumbles to dust.
The creatures around you are filled with an inner flame!
It was a scroll of immolation.
The steam dragon bites you! The steam dragon completely misses you.
Something closely misses you.
The orc is engulfed in a cloud of scalding steam.
The orc explodes!
The fiery explosion engulfs something!!!
Reactivating autopickup.
You feel a bit more experienced. The fiery explosion engulfs you!!!
Ouch! That really hurt!
You die...

#. #.# ..#..#
#.# #....###.#
#.#@.....##
.#####.........#
..........####.#
........§....#.#
......§§§#.†...#
.....o§§)p.#.###
......§#D#...#
...!...#.#####
...D...#.#
...oo..#.#
..o....#.#
.........#
.......###


You could see a steam dragon (inner flame) and Sigmund (inner flame).

Vanquished Creatures
  Eustachio (D:5)
  2 ogres (D:4)
  A black bear (D:5)
  A phantom (D:5)
  A weeping skull (Ossuary)
  3 elf zombies (Ossuary)
  A scorpion (D:5)
  2 burial acolytes (Ossuary)
  A bombardier beetle (D:6)
  A centaur zombie (Ossuary)
  2 hounds (D:4)
  2 orc priests
  4 orc wizards
  Natasha (thrice) (D:2 D:3)
  6 hound zombies (Ossuary)
  2 mummies (Ossuary)
  Robin (D:1)
  4 gnolls (D:4)
  7 adders
  A white imp (D:5)
  3 dart slugs (D:1)
  A ribbon worm (D:3)
  15 orcs
  5 ball pythons
  2 endoplasms
  4 giant cockroaches
  14 goblins
  10 hobgoblins
  8 kobolds
  4 quokkas
  4 bats
  4 frilled lizards
  3 gnoll zombies (Ossuary)
  A goblin zombie (D:4)
  4 orc zombies (Ossuary)
  5 rats
  A rat zombie (D:4)
134 creatures vanquished.

Vanquished Creatures (others)
  An orc (D:6)
1 creature vanquished.

Grand Total: 135 creatures vanquished

Notes
Turn   | Place    | Note
-------+----------+-------------------------------------------
     0 | D:1      | monsoonserge the Octopode Shapeshifter began the quest for
                  | the Orb.
     0 | D:1      | Reached XP level 1. HP: 13/13 MP: 1/1
    95 | D:1      | Reached XP level 2. HP: 15/18 MP: 2/2
   119 | D:1      | Reached skill level 1 in Stealth
   215 | D:1      | Reached skill level 1 in Short Blades
   599 | D:1      | Reached XP level 3. HP: 11/23 MP: 0/3
   859 | D:2      | Found a faded altar of an unknown god.
   878 | D:2      | Noticed Natasha
   885 | D:2      | Killed Natasha
   979 | D:2      | Noticed Robin
   983 | D:2      | Reached XP level 4. HP: 23/29 MP: 4/4
  1160 | D:3      | Reached skill level 1 in Long Blades
  1161 | D:3      | HP: 1/29 [orc/+2 dagger of holy wrath (2)]
  1384 | D:3      | Reached skill level 1 in Spellcasting
  1384 | D:3      | Reached XP level 5. HP: 7/35 MP: 1/6
  1502 | D:2      | Noticed Natasha
  1505 | D:3      | Killed Natasha
  1829 | D:1      | Killed Robin
  2481 | D:3      | Noticed Natasha
  2489 | D:3      | Killed Natasha
  2490 | D:3      | Reached XP level 6. HP: 16/41 MP: 6/7
  2988 | D:4      | Reached skill level 1 in Evocations
  3014 | D:4      | Found a sand-covered staircase.
  3033 | Ossuary  | Entered an ossuary
  3090 | Ossuary  | Reached XP level 7. HP: 36/47 MP: 8/8
  3334 | Ossuary  | Reached skill level 4 in Shapeshifting
  3499 | Ossuary  | Reached skill level 5 in Shapeshifting
  3504 | Ossuary  | Reached XP level 8. HP: 22/54 MP: 7/9
  4063 | D:4      | Reached skill level 6 in Shapeshifting
  4361 | D:5      | Entered Level 5 of the Dungeon
  4361 | D:5      | Noticed Eustachio
  4366 | D:5      | Killed Eustachio
  4543 | D:5      | Found a snail-covered altar of Cheibriados.
  4668 | D:5      | Reached skill level 7 in Shapeshifting
  5265 | D:6      | Noticed Sigmund
  5267 | D:6      | Killed by an exploding orc... ignited by their inner flame

Illustrated notes

Levels and vault maps discovered:
D:1:      wheals_arrival_linesprint, layout_basic
D:2:      layout_basic, dreamdust_ecumenical_altar_grove,
          minmay_misc_feat_encased, minmay_misc_feat_rugged, uniq_natasha,
          uniq_robin
D:3:      layout_basic
D:4:      layout_basic, enter_ossuary_4, chequers_mini_garden,
          dreamdust_gnoll_farm
D:5:      layout_rooms, mainiacjoe_overflow_small_starburst, serial_glass,
          glass_columns_a, glass_columns_a, minmay_strange_pillars,
          uniq_eustachio
D:6:      lemuel_insect_pit, layout_basic, minmay_temple_entry_glassed_door,
          hex_intersection, uniq_sigmund

Skill      XL: |  1  2  3  4  5  6  7  8 |
---------------+-------------------------+-----
Stealth        | 1 2 3 |  3.0
Short Blades   | 1 |  1.0
Fighting       | 2 3 4 |  4.0
Long Blades    | 1 2 |  2.5
Spellcasting   | 1 |  1.0
Dodging        | 3 4 |  4.0
Evocations     | 2 |  2.1
Shapeshifting  | 5 7 |  7.4
Unarmed Combat | 4 |  4.5

Action                     |  1- 3 |  4- 6 |  7- 9 || total
---------------------------+-------+-------+-------++-------
  Melee: Unarmed           |     6 |       |     8 ||    14
         Dagger            |    16 |       |       ||    16
         Constrict         |    13 |    29 |    24 ||    66
         Tentacles         |    13 |    23 |    26 ||    62
         Punch             |     1 |     2 |     2 ||     5
         Long sword        |    19 |   107 |   118 ||   244
  Evoke: Wand              |       |     1 |     4 ||     5
    Use: Scroll            |       |     6 |     1 ||     7
         Potion            |       |       |     4 ||     4
   Stab: Sleeping          |     4 |    13 |     5 ||    22
 Armour: Skin              |    23 |    71 |    90 ||   184
  Dodge: Dodged            |    20 |    74 |    95 ||   189
   Form: Flux              |       |       |     1 ||     1
